 Dungeon Crawl Stone Soup version 0.24.0-1-gfbc8707122 (webtiles) character file.

Game seed: 8958742857491556876, levelgen mode: deterministic

93 Borgoz the Skirmisher (level 4, -21/29 HPs)
             Began as a Gargoyle Fighter on Oct 29, 2019.
             Blown up by Ijyb (30 damage)
             ... with a disintegration bolt
             ... on level 3 of the Dungeon.
             The game lasted 00:02:53 (1920 turns).

Borgoz the Skirmisher (Gargoyle Fighter)            Turns: 1920, Time: 00:02:53

Health: -21/29     AC: 11    Str: 19    XL:     4   Next: 61%
Magic:  4/4        EV:  7    Int:  9    God:
Gold:   68         SH:  9    Dex: 10    Spells: 3/3 levels left

rFire    . . .     SeeInvis .   a - +0 flail
rCold    . . .     Gourm    .   c - +0 shield
rNeg     + . .     Faith    .   b - +0 scale mail
rPois    ∞         Spirit   .   (no helmet)
rElec    +         Reflect  .   i - +0 cloak (curse)
rCorr    .         Harm     .   (no gloves)
MR       .....                  (no boots)
Stlth    ..........             (no amulet)
HPRegen  0.09/turn              (no ring)
MPRegen  0.09/turn              (no ring)

@: no status effects
A: negative energy resistance 1, electricity resistance, unbreathing,
petrification resistance, rot immunity, AC +3
a: no special abilities


You were on level 3 of the Dungeon.
You were not hungry.

You visited 1 branch of the dungeon, and saw 3 of its levels.

You collected 68 gold pieces.

Inventory:

Hand Weapons
 a - a +0 flail (weapon)
Armour
 b - a +0 scale mail (worn)
 c - a +0 shield (worn)
 i - a cursed +0 cloak (worn)
Scrolls
 e - a scroll of identify
 g - 4 scrolls of teleportation {unknown}
 h - a scroll of remove curse
 j - a scroll of random uselessness {unknown}
 n - a scroll of enchant weapon {unknown}
 r - a scroll of fear {unknown}
Potions
 d - a potion of might
 l - 3 potions of agility
 m - a potion of heal wounds {unknown}
 o - a potion of lignification {unknown}
 p - a potion of brilliance {unknown}
 q - a potion of curing {unknown}
Comestibles
 f - 7 rations
 k - 2 chunks of flesh


   Skills:
 + Level 4.0 Fighting
 + Level 2.9 Maces & Flails
 + Level 4.0 Armour
 + Level 4.0 Shields


You had 3 spell levels left.
You didn't know any spells.
Your spell library was empty.

Dungeon Overview and Level Annotations

Branches:
Dungeon (3/15)

Altars:
Cheibriados
Elyvilon
Fedhas
Xom

Annotations:
D:3 Ijyb


Innate Abilities, Weirdness & Mutations

You are resistant to torment.
Your stone body is resilient. (AC +3)
You are immune to poison.
You resist negative energy. (rN+)
You are resistant to electric shocks. (rElec)
You can survive without breathing.
You are immune to petrification.
You are immune to rotting.


Message History

No target in view!
f - 7 rations (gained 1)
q - a ruby potion You now have 68 gold pieces (gained 12).
r - a scroll labeled CIECHIWEBE A hobgoblin comes into view.
It is wielding a +0 club.
The hobgoblin shouts!
A hobgoblin is nearby!
Ijyb the Twisted Goblin comes into view.
She is wielding a +0 dagger and carrying a wand of disintegration (9).
Ijyb shouts!
Found 8 gold pieces.
You barely miss Ijyb.
Ijyb zaps a wand.
You are blasted!
Ouch! That really hurt!
Ijyb hits you but does no damage.
You are too injured to fight recklessly!
Okay, then.
Okay, then.
Ijyb zaps a wand.
You are blasted!
Ouch! That really hurt!
You die...

#. ##.########.... ..#
#......#.....##
..##.............#
#................. ##
###............... ##.
#................
####..###..>.............
.........................
#.......@##.............#
#.......g###...........##
#.....g.## #....#.##..##
#.......# #...###.###....
#####.### #..###..# #####
.. ...## #.## ##... ##$
...# #..# ..... # ...
#.## #... #. #...


You could see Ijyb and a hobgoblin.

Vanquished Creatures
  2 adders (D:2)
  An ooze (D:1)
  2 dart slugs (D:1)
  7 leopard geckos
  3 giant cockroaches
  6 hobgoblins
  A jackal (D:1)
  A quokka (D:2)
  11 bats
  6 frilled lizards
  5 goblins
  7 kobolds
  10 rats
62 creatures vanquished.

Notes
Turn   | Place    | Note
-------+----------+-------------------------------------------
     0 | D:1      | Borgoz the Gargoyle Fighter began the quest for the Orb.
     0 | D:1      | Reached XP level 1. HP: 14/14 MP: 1/1
    81 | D:1      | Reached XP level 2. HP: 19/19 MP: 2/2
   378 | D:1      | Reached XP level 3. HP: 19/23 MP: 3/3
  1021 | D:2      | Reached XP level 4. HP: 29/29 MP: 4/4
  1121 | D:2      | Found a white marble altar of Elyvilon.
  1125 | D:2      | Found a snail-covered altar of Cheibriados.
  1126 | D:2      | Found a blossoming altar of Fedhas.
  1546 | D:2      | Found a shimmering altar of Xom.
  1916 | D:3      | Noticed Ijyb
  1920 | D:3      | Blown up by Ijyb

Levels and vault maps discovered:
D:1:      lemuel_arrival_funnel, layout_basic, serial_forest,
          infiniplex_forest_lined_2, infiniplex_forest_clump_long,
          infiniplex_forest_clump_cross, infiniplex_forest_clump_large,
          infiniplex_forest_corner_1, minmay_pentomino_z2
D:2:      layout_loops_corners, lemuel_coloured_pillars_altar,
          gammafunk_temple_overflow_forgotten, first_ration
D:3:      layout_rooms, uniq_ijyb

Skill      XL: |  1  2  3  4 |
---------------+-------------+-----
Fighting       | 4 |  4.0
Armour         | 4 |  4.0
Shields        | 4 |  4.0
Maces & Flails | |  2.9

Action                   |  1- 3 |  4- 6 || total
-------------------------+-------+-------++-------
Melee: Flail             |   147 |   109 ||   256
  Use: Scroll            |     1 |     2 ||     3
  Eat: Chunk             |     1 |     3 ||     4
Armor: Scale mail        |    79 |    53 ||   132
Dodge: Dodged            |    54 |    37 ||    91
Block: Shield            |    88 |    58 ||   146
